 Dungeon Crawl Stone Soup version 0.28.0 (webtiles) character file.

Game seed: 14295096811019214502

30 hofbold the Charlatan (level 2, 23/23 HPs)
             Began as a Demigod Artificer on Feb 17, 2022.
             Got out of the dungeon alive.
             The game lasted 00:01:32 (1299 turns).

hofbold the Charlatan (Demigod Artificer)           Turns: 1299, Time: 00:01:33

Health: 23/23      AC:  3    Str: 13    XL:     2   Next: 87%
Magic:  4/4        EV: 11    Int: 13    God:
Gold:   23         SH:  0    Dex: 14    Spells: 1/1 levels left

rFire   . . .      SeeInvis .   h - +0 hand axe
rCold   . . .      Faith    .   (no shield)
rNeg    . . .      Spirit   .   b - +0 leather armour
rPois   .          Reflect  .   (no helmet)
rElec   .          Harm     .   (no cloak)
rCorr   .          Rampage  .   (no gloves)
Will    .....                   (no boots)
Stlth   +.........              (no amulet)
HPRegen 0.07/turn               (no ring)
MPRegen 0.09/turn               (no ring)

@: no status effects
A: high MP 1, forlorn, divine attributes
a: no special abilities


You escaped.
You visited 1 branch of the dungeon, and saw 1 of its levels.

You collected 23 gold pieces.

Inventory:

Hand Weapons
 a - a +0 club
 f - a +0 short sword
 h - a +0 hand axe (weapon)
Armour
 b - a +0 leather armour (worn)
Wands
 c - a wand of flame (13) (quivered)
 d - a wand of charming (15)
Potions
 g - a potion of heal wounds {unknown}
Miscellaneous
 e - a piece from Xom's chessboard (15/15)


   Skills:
 + Level 1.4 Fighting
 - Level 0.1 Axes
 + Level 2.2 Armour
 + Level 1.4 Dodging
 - Level 0.8 Stealth
 + Level 3.0 Evocations


You had one spell level left.
You didn't know any spells.
Your spell library was empty.

Dungeon Overview and Level Annotations

Branches:
Dungeon (1/15)


Innate Abilities, Weirdness & Mutations

You have an increased reservoir of magic. (+10% MP)
You shall have no god before yourself.
Your divine heritage dramatically boosts your attributes as you level up.


Message History

No target in view!
No target in view!
No target in view!
No target in view!
No target in view!
No target in view!
No target in view!
No target in view!
No target in view!
No target in view!
Found 18 bolts.
You see here a staff of air.
There is an open door here.
A giant cockroach comes into view.
A giant cockroach is nearby!
The giant cockroach bites you but does no damage.
You barely miss the giant cockroach. The giant cockroach bites you.
The giant cockroach bites you but does no damage.
You closely miss the giant cockroach. The giant cockroach barely misses you.
You hit the giant cockroach but do no damage.
The giant cockroach bites you but does no damage. x2
You closely miss the giant cockroach. The giant cockroach misses you.
You slash the giant cockroach!
You kill the giant cockroach!
No target in view!
No target in view!
No target in view!
No target in view!
You see here a giant cockroach corpse.
Found a stone staircase leading down.
A giant cockroach comes into view.
There is an open door here.
There is an open door here.
You see here 19 stones.
You open the door.
There is an open door here.
There is a staircase leading out of the dungeon here.
You can't go down here!
Are you sure you want to leave the Dungeon?
This will make you lose the game!
You have escaped!

#.....##'###
#######.#.#.
#####.#≈.♣≈# #.#.#.
#.#P.P♣# #.#.##
#.'..≈P# #.#...
#.#P..P# #######.####
#.#P..P# #.......#
#.#♣P.≈# #.......####
#.#♣P..# #...........
#(#P≈.@# #......#####
#.##########......#####
#..........'...........
############......#####
...............#
########.......#
#.......# #######.# #.#


There were no monsters in sight!

Vanquished Creatures
  2 dart slugs (D:1)
  A bat (D:1)
  An endoplasm (D:1)
  5 giant cockroaches (D:1)
  2 goblins (D:1)
  A hobgoblin (D:1)
  3 jackals (D:1)
  2 ball pythons (D:1)
  5 frilled lizards (D:1)
  2 kobolds (D:1)
24 creatures vanquished.

Notes
Turn   | Place    | Note
-------+----------+-------------------------------------------
     0 | D:1      | hofbold the Demigod Artificer began the quest for the Orb.
     0 | D:1      | Reached XP level 1. HP: 15/15 MP: 3/3
   260 | D:1      | Reached skill level 1 in Fighting
   260 | D:1      | Reached skill level 1 in Dodging
   623 | D:1      | Reached XP level 2. HP: 14/23 MP: 4/4
   955 | D:1      | Reached skill level 3 in Evocations
  1299 | D:$      | Got out of the dungeon alive.

Illustrated notes

Levels and vault maps discovered:
D:1:      tarquinn_simple_flora_water_f, layout_basic, corexii_hall_statues_i,
          minmay_misc_feat_rows, minmay_lizard_pond

Skill      XL: |  1  2 |
---------------+-------+-----
Fighting       | 1 |  1.4
Dodging        | 1 |  1.4
Armour         | 2 |  2.2
Evocations     | 3 |  3.0
Axes           | |  0.1
Stealth        | |  0.8

Action                   || total
-------------------------++-------
Melee: Hand axe          ||    80
       Club              ||     9
       Short sword       ||     5
       Punch             ||     1
Evoke: Wand              ||     2
 Stab: Sleeping          ||     1
Armor: Leather armour    ||    37
Dodge: Dodged            ||    64
